 Dungeon Crawl Stone Soup version 0.29-a0-322-g68df515428 (webtiles) character file.

Game seed: 14824962876777858250

504 Dabor the Cudgeller (level 7, -5/43 HPs)
             Began as a Gargoyle Gladiator on Apr 8, 2022.
             Was a Believer of Zin.
             Splashed by a jelly's acid (7 damage)
             ... on level 5 of the Dungeon.
             The game lasted 00:09:10 (4760 turns).

Dabor the Cudgeller (Gargoyle Gladiator)            Turns: 4760, Time: 00:09:11

Health: -5/43      AC:  1    Str: 22    XL:     7   Next: 17%
Magic:  9/9        EV: 12    Int:  9    God:    Zin [**....]
Gold:   288        SH:  0    Dex: 11    Spells: 6/9 levels left

rFire   + . .      SeeInvis +   a - +0 flail
rCold   . . .      Faith    .   (no shield)
rNeg    + . .      Spirit   .   A - +0 leather armour {rF+}
rPois   ∞          Reflect  .   c - +0 helmet
rElec   +          Harm     .   g - +0 cloak
rCorr   .          Rampage  .   y - +2 pair of gloves {Str+3}
Will    .....                   (no boots)
Stlth   +.........              (no amulet)
HPRegen 0.14/turn               w - ring of wizardry
MPRegen 0.11/turn               z - ring of see invisible

@: corroded
A: sickness immunity, AC +4, negative energy resistance 1, electricity
resistance, torment resistance 1, petrification resistance
a: Renounce Religion, Recite, Vitalisation, Donate Gold


You were on level 5 of the Dungeon.
You worshipped Zin.
Zin was pleased with you.
You visited 1 branch of the dungeon, and saw 5 of its levels.

You collected 320 gold pieces.
You donated 32 gold pieces to Zin.

Inventory:

Hand Weapons
 a - a +0 flail (weapon)
 b - a +2 hand axe of draining
Missiles
 d - 2 throwing nets
 j - 222 stones (quivered)
 l - a javelin
 n - 12 poisoned darts
Armour
 c - a +0 helmet (worn)
 g - a +0 cloak (worn)
 y - a +2 pair of gloves of strength (worn)
 A - a +0 leather armour of fire resistance (worn)
Jewellery
 w - a ring of wizardry (left hand)
 x - an amulet of faith
 z - a ring of see invisible (right hand)
Scrolls
 m - a scroll of blinking
 q - 2 scrolls of fog
 u - a scroll of noise
 v - 2 scrolls of enchant armour
Potions
 e - a potion of curing
 h - a potion of mutation {unknown}
 i - 2 potions of brilliance
 o - a potion of lignification {unknown}
 s - 2 potions of invisibility {unknown}


   Skills:
 + Level 4.0 Fighting
 + Level 4.2 Maces & Flails
 - Level 2.0 Throwing
 + Level 3.2 Armour
 + Level 3.5 Dodging
 + Level 1.9 Spellcasting
 + Level 1.9 Hexes
 + Level 0.0 Invocations


You had 6 spell levels left.
You knew the following spells:

 Your Spells              Type           Power      Damage    Failure   Level
a - Confusing Touch       Hex            4%         N/A       21%         3

Your spell library contained the following spells:

 Spells                   Type           Power      Damage    Failure   Level
 Beastly Appendage        Tmut           0%         N/A       16%         1
 Wereblood                Tmut           0%         N/A       24%         2
 Spider Form              Tmut/Pois      0%         N/A       41%         3
 Yara's Violent Unravell  Hex/Tmut       1%         3d3       94%         5
 Enfeeble                 Hex            2%         N/A       100%        7


Dungeon Overview and Level Annotations

Branches:
Dungeon (5/15)
 Temple: D:4-7

Altars:
Ashenzari
Zin

Annotations:
D:4 2 transporters, 2 worms, 47/18 ghost, HotDog's ghost, amateur HOFi


Innate Abilities, Weirdness & Mutations

You are immune to sickness and miasma.
Your stone body is resilient. (AC +4)
You are immune to poison.
You resist negative energy. (rN+)
You are resistant to electric shocks. (rElec)
You are resistant to unholy torment.
You are immune to petrification.


Message History

An orc priest comes into view. It is wielding a +0 hand axe.
Okay, then.
As you read the scroll of teleportation, it crumbles to dust.
You feel strangely unstable.
The necrophage attacks as you move away!
The necrophage barely misses you.
Your surroundings suddenly seem different.
You hear the slow rusting of a very distant drain.
There is an open door here.
You open the door.
There is an open door here.
You close the door.
Found 18 gold pieces.
A jelly comes into view.
Found a sedimented puce potion.
You pay a tithe of 2 gold.
You now have 288 gold pieces (gained 16).
Found a stone staircase leading down.
The jelly quivers.
The jelly hits you but does no damage.
You barely miss the jelly. The jelly completely misses you.
You hit the jelly.
Your hands burn!
The jelly is lightly wounded.
The jelly barely misses you.
You hit the jelly. The acid corrodes you!
Your hands burn!
The jelly is moderately wounded.
The jelly hits you but does no damage.
You thump the jelly! The acid corrodes you!
Your hands burn!
The jelly is severely wounded.
The jelly hits you but does no damage.
You completely miss the jelly.
The jelly is severely wounded.
The jelly hits you.
* * * LOW HITPOINT WARNING * * *
You are splashed with acid!
* * * LOW HITPOINT WARNING * * *
The jelly hits you. Zin protects you from harm! The acid corrodes you!
You are splashed with acid!
You die...

##.## ##...##
#.....######.#
##..........!#
##.#.########
#######.#.#
..........#
######.### #@#
#J# #.# #.#
#># #.# #.#
...


You could see a jelly.

Vanquished Creatures
  A centaur (D:5)
  A jelly (D:4)
  2 orc priests (D:4)
  3 orc wizards
  3 iguanas
  6 adders
  An ufetubus (D:5)
  2 worms
  4 dart slugs
  11 orcs
  4 ball pythons
  10 endoplasms
  4 giant cockroaches
  7 goblins
  5 hobgoblins
  9 jackals
  7 kobolds
  3 quokkas
  5 bats
  5 frilled lizards
  3 rats (D:1)
96 creatures vanquished.

Notes
Turn   | Place    | Note
-------+----------+-------------------------------------------
     0 | D:1      | Dabor the Gargoyle Gladiator began the quest for the Orb.
     0 | D:1      | Reached XP level 1. HP: 12/12 MP: 1/1
   191 | D:1      | Reached XP level 2. HP: 18/18 MP: 2/2
   353 | D:1      | Found a faded altar of an unknown god.
   410 | D:1      | Reached skill level 1 in Armour
   457 | D:1      | Reached XP level 3. HP: 20/22 MP: 3/3
  1524 | D:2      | Reached XP level 4. HP: 22/27 MP: 4/4
  2005 | D:2      | Learned a level 3 spell: Confusing Touch
  2133 | D:3      | Reached XP level 5. HP: 32/32 MP: 5/5
  2727 | D:3      | Reached skill level 1 in Spellcasting
  3236 | D:3      | Reached skill level 1 in Hexes
  3516 | D:4      | Reached XP level 6. HP: 23/37 MP: 7/7
  3985 | D:4      | Noticed HotDog's ghost (amateur HOFi)
  3987 | D:4      | Found a transporter.
  3995 | D:4      | Found a transporter.
  4083 | D:4      | Found a glowing silver altar of Zin.
  4109 | D:4      | Found a broken altar of Ashenzari.
  4168 | D:4      | Became a worshipper of Zin the Law-Giver
  4168 | D:4      | Reached * piety under Zin
  4234 | D:4      | Reached ** piety under Zin
  4639 | D:5      | Entered Level 5 of the Dungeon
  4665 | D:5      | Reached XP level 7. HP: 33/43 MP: 6/9
  4760 | D:5      | HP: 2/43 [acid (10)]
  4760 | D:5      | Zin protects you from harm!
  4760 | D:5      | Splashed by a jelly's acid

Illustrated notes

Levels and vault maps discovered:
D:1:      arrival_zaba_pyramid, layout_basic,
          chequers_ecumenical_altar_simple_redux
D:2:      layout_loops_ring
D:3:      layout_loops_ring, minmay_checkerbox
D:4:      layout_gridville, mainiacjoe_overflow_brackets, zin_treasury,
          gammafunk_ghost_arena
D:5:      layout_loops_corners, portal_sewer_entry_e, uniq_sigmund,
          uniq_menkaure

Skill      XL: |  1  2  3  4  5  6 |
---------------+-------------------+-----
Throwing       | 2 |  2.0
Armour         | 1 2 3 |  3.2
Fighting       | 3 4 |  4.0
Dodging        | 3 |  3.5
Spellcasting   | 1 |  1.9
Hexes          | 1 |  1.9
Maces & Flails | 4 |  4.2

Action                   |  1- 3 |  4- 6 |  7- 9 || total
-------------------------+-------+-------+-------++-------
Melee: Flail             |   115 |   152 |    29 ||   296
       Hand axe          |       |    37 |       ||    37
       Punch             |       |     3 |     1 ||     4
Throw: Stone             |    25 |    40 |       ||    65
       Throwing net      |     3 |     1 |       ||     4
       Javelin           |     3 |     3 |       ||     6
       Dart              |       |     5 |       ||     5
 Cast: Confusing Touch   |       |     1 |       ||     1
Invok: Recite            |       |     1 |       ||     1
  Use: Potion            |     1 |     5 |     1 ||     7
       Scroll            |       |     8 |     1 ||     9
 Stab: Held in net/web   |       |     1 |       ||     1
       Confused          |       |     1 |       ||     1
Armor: Leather armour    |    59 |   121 |    34 ||   214
Dodge: Dodged            |    87 |   153 |    53 ||   293

Table legend: (Time is in decaauts)
 A = Elapsed time spent in this place.
 B = Non-inter-level travel time spent in this place.
 C = Inter-level travel time spent in this place.
 D = Time resting spent in this place.
 E = Time spent auto-exploring this place.
 F = Levels seen in this place.
 G = Mean time per level.
                   A        B        C        D        E       F      G
               +--------+--------+--------+--------+--------+-----+--------+
         Total |   4831 |   4577 |    254 |    257 |   3362 |   5 |  966.2 |
       Dungeon |   4831 |   4577 |    254 |    257 |   3362 |   5 |  966.2 |
               +--------+--------+--------+--------+--------+-----+--------+

Top non-repeatable levels by time:
     D:3: 1375 daAuts
     D:1: 1322 daAuts
     D:4: 1287 daAuts
     D:2: 717 daAuts
     D:5: 128 daAuts
